 Dungeon Crawl Stone Soup version 0.22-a0-533-g4d20840 (webtiles) character file.

174 kae the Insei (level 5, -1/38 HPs)
             Began as a Demonspawn Transmuter on June 22, 2018.
             Succumbed to a worker ant's poison
             ... on level 4 of the Dungeon.
             The game lasted 00:02:14 (3684 turns).

kae the Insei (Demonspawn Transmuter)               Turns: 3684, Time: 00:02:15

Health: -1/38      AC:  2    Str: 10    XL:     5   Next: 28%
Magic:  6/9        EV: 19    Int: 20    God:
Gold:   104        SH:  0    Dex: 19    Spells: 3/9 levels left

rFire    + . .     SeeInvis .     - Unarmed
rCold    + . .     Gourm    .   (shield currently unavailable)
rNeg     . . .     Faith    .   (armour currently unavailable)
rPois    .         Spirit   .   (helmet currently unavailable)
rElec    +         Reflect  .   (cloak currently unavailable)
rCorr    +         Harm     .   (gloves currently unavailable)
MR       .....                  (boots currently unavailable)
Stlth    ++........             (no amulet)
HPRegen  0.12/turn              (no ring)
MPRegen  0.11/turn              (no ring)

@: brilliant, lethally poisoned (-1 -> -27), spider-form, resistant
A: tiny, demonic guardian 2, powered by pain 1
a: End Transformation


You were on level 4 of the Dungeon.
You were very hungry.
You were a venomous arachnid creature.
You visited 1 branch of the dungeon, and saw 4 of its levels.

You collected 104 gold pieces.

Inventory:

Missiles
 a - 38 arrows
Armour
 b - a +0 robe
 l - a +0 leather armour (melded)
Jewellery
 e - an uncursed amulet of regeneration {unknown}
Scrolls
 f - 2 scrolls of enchant weapon {unknown}
 g - a scroll of random uselessness {unknown}
 j - a scroll of enchant armour {unknown}
 k - a scroll of remove curse {unknown}
 m - 2 scrolls of identify {unknown}
 n - a scroll of fear {unknown}
 p - a scroll of teleportation {unknown}
Comestibles
 d - 6 rations


   Skills:
 + Level 2.1 Fighting
 - Level 1.7 Dodging
 * Level 3.8 Unarmed Combat
 + Level 2.7 Spellcasting
 * Level 3.3 Transmutations


You had 3 spell levels left.
You knew the following spells:

 Your Spells              Type           Power        Failure   Level  Hunger
a - Beastly Appendage     Tmut           ####..       1%          1    None
b - Sticks to Snakes      Tmut           ####....     1%          2    ##.....
c - Spider Form           Tmut/Pois      ###.......   5%          3    ###....

Your spell library contained the following spells:

 Spells                   Type           Power        Failure   Level  Hunger
 Blade Hands              Tmut           ####......   19%         5    ######.
 Ice Form                 Ice/Tmut       ###.....     14%         4    ####...


Dungeon Overview and Level Annotations

Branches:
Dungeon (4/15)
 Temple: D:4-7

Altars:
Ashenzari
Cheibriados
Nemelex Xobeh

Annotations:
D:3 1 runed door, Torious's ghost, amateur DECj
D:4 1 transporter


Innate Abilities, Weirdness & Mutations

A demonic guardian rushes to your aid.
You sometimes gain a little power by taking damage.
((When seriously injured, your bleeding wounds create armour. (AC +0)))


Message History

You are lethally poisoned!
The worker ant poisons you!
You hit the worker ant.
The worker ant is poisoned.
The worker ant is heavily wounded.
* * * LOW HITPOINT WARNING * * *
You feel sick. The worker ant bites you.
* * * LOW HITPOINT WARNING * * *
You are more poisoned.
The worker ant poisons you!
You hit the worker ant.
The worker ant is severely wounded.
* * * LOW HITPOINT WARNING * * *
You feel sick. The worker ant completely misses you.
You hit the worker ant.
You kill the worker ant!
* * * LOW HITPOINT WARNING * * *
You feel sick.
Okay, then.
You feel protected.
You die...

§§§§§§###.######.#
§.§§.§#...#
.#.#§§#...#
..!©§.#©..#
.#.#§§#...#
.§.§§§#..÷######.#
.§§§§.#.##.......#
#######.##.#######
#....†s.##.#
.......####.#
....... #.#
....... #.#
#...$.. #.#
....... #.#
....... ##+####


There were no monsters in sight!

Vanquished Creatures
  A worker ant (D:4)
  3 adders
  2 dart slugs
  A leopard gecko (D:1)
  5 orcs
  5 bats
  6 giant cockroaches
  6 goblins
  4 hobgoblins
  3 jackals (D:3)
  9 kobolds
  2 frilled lizards
  8 rats
55 creatures vanquished.

Vanquished Creatures (collateral kills)
  An orc priest (D:4)
  An iguana (D:4)
  A worm (D:2)
  3 orcs (D:4)
  A hobgoblin (D:2)
  A quokka skeleton (D:2)
8 creatures vanquished.

Grand Total: 63 creatures vanquished

Notes
Turn   | Place    | Note
-------+----------+-------------------------------------------
     0 | D:1      | kae the Demonspawn Transmuter began the quest for the Orb.
     0 | D:1      | Reached XP level 1. HP: 15/15 MP: 3/3
   450 | D:1      | Gained mutation: When seriously injured, your bleeding wounds create armour. (AC +0) [demonic ancestry]
   450 | D:1      | Reached XP level 2. HP: 20/21 MP: 3/5
   473 | D:1      | Learned a level 2 spell: Sticks to Snakes
   940 | D:2      | Found a sparkling altar of Nemelex Xobeh.
   945 | D:2      | Found a shattered altar of Ashenzari.
  1133 | D:2      | Gained mutation: You sometimes gain a little power by taking damage. [demonic ancestry]
  1133 | D:2      | Reached XP level 3. HP: 24/26 MP: 6/6
  1138 | D:2      | Learned a level 3 spell: Spider Form
  2196 | D:3      | Found a runed door.
  2218 | D:3      | Gained mutation: A weak demonic guardian rushes to your aid. [demonic ancestry]
  2218 | D:3      | Reached XP level 4. HP: 22/33 MP: 7/7
  2599 | D:3      | Noticed Torious's ghost (amateur DECj)
  2631 | D:3      | Found a snail-covered altar of Cheibriados.
  3486 | D:4      | Found a transporter.
  3505 | D:4      | Gained mutation: A demonic guardian rushes to your aid. [demonic ancestry]
  3505 | D:4      | Reached XP level 5. HP: 19/38 MP: 8/8
  3683 | D:4      | HP: 1/38 [poisoned by a worker ant]
  3684 | D:4      | Succumbed to a worker ant's poison

Vault maps used:
D:1:      ebering_trefoil_twist, wad_floor_pattern_untrapped
D:2:      grunt_temple_overflow_open
D:3:      cheibriados_altar_1, gammafunk_ghost_grave, first_ration
D:4:      gammafunk_cloud_chamber, lemuel_crystal_altar, elyvilon_altar_1,
          okawaru_gym_becter

Skill      XL: |  1  2  3  4 |
---------------+-------------+-----
Transmutations | 2 3 |  3.3
Unarmed Combat | 3 |  3.8
Fighting       | 2 |  2.1
Dodging        | |  1.7
Spellcasting   | |  2.7

Action                   |  1- 3 |  4- 6 || total
-------------------------+-------+-------++-------
Melee: Unarmed           |   138 |    79 ||   217
       Kick              |     8 |    10 ||    18
       Headbutt          |     3 |       ||     3
       Punch             |     1 |     1 ||     2
 Cast: Beastly Appendage |    18 |     6 ||    24
       Sticks to Snakes  |     2 |       ||     2
       Spider Form       |       |     1 ||     1
  Use: Potion            |       |     5 ||     5
 Stab: Sleeping          |     1 |       ||     1
  Eat: Chunk             |     4 |     4 ||     8
Armor: Robe              |    18 |       ||    18
       Leather armour    |     4 |    11 ||    15
Dodge: Dodged            |   108 |    36 ||   144

Table legend:
 A = Spawn XP
 B = Non-spawn XP
 C = Spawn XP percentage of total XP
 D = Spawn monster count
 E = Non-spawn monster count
 F = Spawn count percentage of total count
 G = Total turns spent on level
                    A         B        C        D         E        F      G
               +---------+---------+-------+---------+---------+-------+---------
         Total |       0 |     249 |   0.0 |       0 |      63 |   0.0 |  3684
               +---------+---------+-------+---------+---------+-------+---------
           D:1 |       0 |      31 |   0.0 |       0 |      19 |   0.0 |   912
           D:2 |       0 |      39 |   0.0 |       0 |      15 |   0.0 |  1148
           D:3 |       0 |      65 |   0.0 |       0 |      22 |   0.0 |  1101
           D:4 |       0 |     114 |   0.0 |       0 |       7 |   0.0 |   523
               +---------+---------+-------+---------+---------+-------+---------
